 Dungeon Crawl Stone Soup version 0.18-a0-1628-g61c6396 (webtiles) character file.

44 Oddball22 the Insei (level 3, 0/20 HPs)
             Began as a Vine Stalker Monk on Mar 25, 2016.
             Succumbed to an adder's poison
             ... on level 2 of the Dungeon.
             The game lasted 00:01:59 (522 turns).

Oddball22 the Insei (Vine Stalker Monk)              Turns: 522, Time: 00:02:00

Health: 0/20       AC:  2    Str: 13    XL:     3   Next: 62%
Magic:  1/5        EV: 13    Int: 10    God:
Gold:   61         SH:  0    Dex: 17    Spells: 0 memorised, 4 levels left

rFire  . . .     SeeInvis .     h - +0 hand axe (elec)
rCold  . . .     Gourm    .     a - +0 robe
rNeg   . . .     Faith    .     (no shield)
rPois  .         Spirit   +     (no helmet)
rElec  .         Dismiss  .     (no cloak)
rCorr  .         Reflect  .     (no gloves)
SustAt .         Harm     .     (no boots)
MR     .....                    (no amulet)
Stlth  ++........               (no ring)
                                (no ring)

@: lethally poisoned (0 -> -6), very slightly contaminated, hasted, very quick,
not resistant to hostile enchantments, unstealthy
A: fangs 2, regeneration 1, magic shield, antimagic bite, no device heal 3, rot
immunity
a: no special abilities


You were on level 2 of the Dungeon.
You were not hungry.

You visited 1 branch of the dungeon, and saw 2 of its levels.

You collected 61 gold pieces.

Inventory:

Hand Weapons
 h - a +0 hand axe of electrocution (weapon)
Missiles
 e - 14 bolts of flame
Armour
 a - a +0 robe (worn)
Scrolls
 c - 2 scrolls of identify {unknown}
 f - a scroll of amnesia {unknown}
 g - 2 scrolls of teleportation {unknown}
 i - 3 scrolls of remove curse {unknown}
Comestibles
 b - a bread ration
 d - 9 chunks of flesh


   Skills:
 + Level 3.0 Fighting
 + Level 2.6 Dodging
 - Level 2.4 Stealth
 * Level 4.6 Unarmed Combat
 + Level 1.1 Spellcasting


You had 4 spell levels left.
You didn't know any spells.

Dungeon Overview and Level Annotations

Branches:
Dungeon (2/15)

Altars:

Annotations:
D:2 Terence


Innate Abilities, Weirdness & Mutations

You have extremely sharp teeth.
Your natural rate of healing is unusually fast.
When hurt, damage is shared between your health and your magic reserves.
Your bite disrupts and absorbs the magic of your enemies.
Potions and wands cannot restore your health.
You are immune to rotting.


Message History

You feel sick. The adder barely misses you. The adder closely misses you.
You miss the adder. You bite the adder, but do no damage.
The adder is severely wounded.
* * * LOW HITPOINT WARNING * * *
You feel sick. The adder bites you.
You are more poisoned.
The adder poisons you!
You hit the adder.
There is a sudden explosion of sparks!
You kill the adder!
* * * LOW HITPOINT WARNING * * *
You feel sick.
There is a lethal amount of poison in your body!
Drink which item? (? for menu, Esc to quit)
It was a potion of haste.
You feel yourself speed up.
* * * LOW HITPOINT WARNING * * *
You feel sick.
You are very lightly contaminated with residual magic.
Things that are here:
a dagger; 19 sling bullets You die...

.......<.............$....
..........................
#..............#.........@
.......#.......######..#..
#..#.##....###.# #....
##......#..# #.# ...
######..## #.# ..
#....(..# #.. #....)@.#
##. #.......# ## #.......#
#.......# #.......#
#.....$.# #.......#
#.......#


There were no monsters in sight!

Vanquished Creatures
  2 adders (D:2)
  A dart slug (D:1)
  3 bats (D:1)
  A giant cockroach (D:2)
  2 goblins (D:1)
  3 hobgoblins (D:1)
  A ball python (D:1)
  A giant newt (D:1)
  9 kobolds
  5 rats
28 creatures vanquished.

Notes
Turn   | Place    | Note
--------------------------------------------------------------
     0 | D:1      | Oddball22 the Vine Stalker Monk began the quest for the Orb.
     0 | D:1      | Reached XP level 1. HP: 11/11 MP: 2/2
    78 | D:1      | Reached XP level 2. HP: 11/16 MP: 3/3
   139 | D:1      | Reached skill level 1 in Spellcasting
   468 | D:2      | Reached XP level 3. HP: 15/20 MP: 3/5
   497 | D:2      | Noticed Terence
   520 | D:2      | HP: 1/20 [poisoned by an adder]
   522 | D:2      | Succumbed to an adder's poison

Vault maps used:
D:1:      minmay_arrival_arboretum_small
D:2:      uniq_jessica, uniq_terence, uniq_crazy_yiuf_cottage

Skill      XL: |  1  2 |
---------------+-------+-----
Spellcasting   | 1 |  1.1
Fighting       | 3 |  3.0
Dodging        | |  2.6
Stealth        | |  2.4
Unarmed Combat | |  4.6

Action                   || total
-------------------------++-------
Melee: Unarmed           ||    81
       Hand axe          ||    15
  Use: Potion            ||     1
 Stab: Sleeping          ||     3
